 Dungeon Crawl Stone Soup version 0.20-a0-1006-ge6c5631 (console) character file.

67449 vuev the Severer (level 15, -6/100 HPs)
             Began as a Gargoyle Berserker on Apr 12, 2017.
             Was a High Priest of Trog.
             Mangled by an ettin
             ... wielding a +0 dire flail
              (32 damage)
             ... on level 2 of the Orcish Mines on Apr 13, 2017.
             The game lasted 00:42:44 (27065 turns).

vuev the Severer (Gargoyle Berserker)              Turns: 27065, Time: 00:42:46

Health: -6/100     AC: 30    Str: 28    XL:     15   Next: 23%
Magic:  5/5        EV:  9    Int:  8    God:    Trog [*****.]
Gold:   1069       SH:  4    Dex: 21    Spells: 14/14 levels left

rFire    + . .     SeeInvis .   K - +6 battleaxe (antimagic)
rCold    . . .     Gourm    .   (shield currently unavailable)
rNeg     + . .     Faith    .   b - +2 plate armour {rF+}
rPois    ∞         Spirit   .   Q - +0 hat
rElec    +         Reflect  +   Z - scarf {repulsion}
rCorr    .         Harm     .   J - +1 pair of gloves {Str+3}
MR       +++..                  (no boots)
Stlth    ..........             W - +4 amulet of reflection
Regen    1.3/turn               B - +5 ring of dexterity
MPRegen  0.1/turn               Y - +5 ring of dexterity

@: flying, regenerating, repel missiles
A: big wings, negative energy resistance 1, electricity resistance, unbreathing,
petrification resistance, rot immunity, AC +11
a: Stop Flying, Berserk, Trog's Hand, Brothers in Arms, Burn Spellbooks,
Renounce Religion


You were on level 2 of the Orcish Mines.
You worshipped Trog.
Trog was extremely pleased with you.
You were hungry.

You visited 3 branches of the dungeon, and saw 20 of its levels.
You also visited: Volcano.

You collected 1695 gold pieces.
You spent 626 gold pieces at shops.

Inventory:

Hand Weapons
 g - a +1 executioner's axe of venom
 m - the +4 mace "Dinlyju" {crush, Int+5}
   (You found it on level 5 of the Dungeon)

   It inflicts extra damage upon your enemies.
   It affects your intelligence (+5).
 C - a +5 executioner's axe of chopping
 K - a +6 antimagic battleaxe (weapon)
Missiles
 P - 2 throwing nets (quivered)
 X - 7 steel javelins
Armour
 b - a +2 plate armour of fire resistance (worn)
 J - a +1 pair of gloves of strength (worn)
 Q - a +0 hat (worn)
 Z - a scarf of repulsion (worn)
Jewellery
 e - an uncursed ring of resist corrosion
 s - an uncursed ring of positive energy
 v - a +1 ring of protection
 z - an uncursed ring of see invisible
 B - a +5 ring of dexterity (left hand)
 S - a +2 ring of strength
 W - a +4 amulet of reflection (around neck)
 Y - a +5 ring of dexterity (right hand)
Wands
 w - a wand of confusion (20/48)
 F - a wand of flame (11/48)
 L - a wand of lightning (4/15)
 M - a wand of lightning (10/15)
 N - a wand of random effects (19/48)
 R - a wand of clouds (0/9)
 V - a wand of digging (9/24)
Scrolls
 f - 2 scrolls of recharging
 h - 11 scrolls of identify
 k - 2 scrolls of magic mapping
 p - 12 scrolls of teleportation
 t - 8 scrolls of remove curse
 x - 3 scrolls of blinking
 y - 2 scrolls of enchant armour
 O - a scroll of fog
 U - 2 scrolls of enchant weapon
Potions
 i - 2 potions of might
 j - 12 potions of curing
 l - 2 potions of brilliance {unknown}
 n - 3 potions of lignification {unknown}
 o - a potion of invisibility {unknown}
 q - 3 potions of heal wounds {unknown}
 r - 5 potions of agility
 A - 2 potions of mutation {unknown}
 E - 3 potions of flight {unknown}
 H - a potion of magic {unknown}
 I - 3 potions of haste
Comestibles
 a - 8 chunks of flesh
 c - 10 bread rations
 d - 7 meat rations
 u - 18 royal jellies
 G - 3 fruits


   Skills:
 + Level 14.2 Fighting
 + Level 17.9 Axes
 + Level 11.9 Armour
 - Level 1.5 Dodging


You had 14 spell levels left.
You didn't know any spells.

Dungeon Overview and Level Annotations

Branches:
Dungeon (12/15)            Temple (0/1) D:4            Lair (6/6) D:11
  Swamp (0/4) Lair:2        Snake (0/4) Lair:2        Slime (0/5) Lair:5
    Orc (2/2) D:12            Elf (0/3) Orc:2

Altars:
Elyvilon
Gozag
Nemelex Xobeh
Uskayaw
Vehumet
Wu Jian
Xom
Zin
Jiyva

Shops:
D:10 [}(!*   Orc:1 ?   Orc:2 =

Annotations:
D:4 exclusion: statue
Lair:6 exclusion: 3 oklob plants


Innate Abilities, Weirdness & Mutations

You are resistant to torment.
Your stone body is resilient. (AC +11)
You are immune to poison.
Your large and strong wings let you fly indefinitely.
You resist negative energy. (rN+)
You are resistant to electric shocks. (rElec)
You can survive without breathing.
You are immune to petrification.
You are immune to rotting.


Message History

The troll claws you but does no damage. x2
The ettin hits you with a dire flail! The ettin hits you with a dire flail.
Unknown command.
Unknown command.
Your troll goes berserk!
You feel somewhat more hungry. You block the orc warrior's attack.
You block the troll's attack.
The troll claws you but does no damage. x2
The ettin hits you with a dire flail!!
* * * LOW HITPOINT WARNING * * *
The ettin completely misses you.
Unknown command.
Your skin crawls.
You feel resistant to hostile enchantments.
You are feeling hungry.
The orc hits the fungus with a whip.
You block the troll's attack. The troll completely misses you.
The troll claws you.
* * * LOW HITPOINT WARNING * * *
The orc warrior hits you but does no damage.
The ettin hits you with a dire flail!!
You die...

..... .....####
>.....#.##### ##
.....$......##.##
................#
....#.......P...## #
....o.)..8.......# ##
........T.......## #.
...oPooT@∩.......# ####
....P..oCT...P..### ##...
....P.P...........###....
...............)...###...
.................(#.##...
...<............##().....
..............####.##...
..........#..## #####..
............# #...


You could see an orc knight, an ettin, an orc high priest, 2 trolls, an orc
warrior, 2 orcs and a friendly troll (berserk).

Vanquished Creatures
  2 stone giants
  Snorg (Lair:4)
  7 hydras
  Fannar (D:11)
  Harold (D:11)
  3 catoblepae (Lair:6)
  A death knight (D:12)
  3 two-headed ogres
  A centaur warrior (D:11)
  4 death yaks (Lair:6)
  The ghost of dxctxrx the Basher, a novice GrGl of Makhleb (Volcano)
  Urug (D:12)
  Nergalle (Lair:1)
  A skeletal warrior (D:12)
  An unseen horror (D:12)
  Pikel (D:6)
  2 wolf spider zombies (D:10)
  An orc knight (Orc:1)
  2 manticores (Lair:6)
  Joseph (Lair:1)
  4 black mambas
  2 centaur zombies
  6 elephants (Lair:3)
  2 gargoyles (Volcano)
  11 spiny frogs
  2 molten gargoyles (Volcano)
  A freezing wraith (D:12)
  A rime drake (Lair:6)
  6 komodo dragons
  An efreet (Volcano)
  2 hellwings (D:10)
  A harpy zombie (D:10)
  8 trolls
  4 tyrant leeches
  2 polar bears (Lair:6)
  Grinder (D:3)
  A harpy skeleton (D:10)
  28 blink frogs
  4 hornets
  Prince Ribbit (D:9)
  5 dream sheep (Lair:4)
  4 hippogriffs
  4 wyverns
  Sigmund (D:4)
  31 yaks
  5 fire bats
  2 wraiths
  A basilisk (Lair:3)
  2 fire elementals (Volcano)
  3 hungry ghosts
  Grum (Lair:1)
  3 vampire mosquitoes (D:12)
  Menkaure (D:7)
  7 wargs
  2 nagas (Lair:2)
  2 soldier ants (D:12)
  2 acid dragons
  8 porcupines
  12 water moccasins
  3 ice beasts
  14 orc warriors
  2 sky beasts
  A slave (D:6)
  3 black bears
  3 ogres
  2 phantoms
  12 wolves
  9 crocodiles
  15 centaurs
  A big kobold (D:8)
  15 bullfrogs
  A gnoll sergeant (D:7)
  5 wyvern skeletons
  2 scorpions
  A water moccasin skeleton (D:10)
  12 killer bees
  6 howler monkeys
  5 lava snakes (Volcano)
  8 crimson imps
  3 bullfrog zombies
  A quasit (D:10)
  4 centaur skeletons
  10 hounds
  A jelly (D:10)
  Crazy Yiuf (D:7)
  A bullfrog skeleton (D:12)
  19 orc priests
  Jessica (D:3)
  12 orc wizards
  Natasha (thrice) (D:3)
  An iguana (D:4)
  6 hell rats (Lair:6)
  8 worker ants
  3 hound skeletons
  A worker ant zombie (D:11)
  15 gnolls
  14 adders
  6 shadow imps
  3 oozes
  An adder skeleton (D:6)
  5 worms
  4 dart slugs
  3 leopard geckos
  44 orcs
  4 giant cockroaches
  6 goblins
  7 hobgoblins
  7 jackals
  7 quokkas
  17 bats
  5 frilled lizards
  2 jackal skeletons
  8 kobolds
  2 leopard gecko zombies (D:5)
  8 rats
  4 fungi
  4 plants (Lair:6)
591 creatures vanquished.

Vanquished Creatures (collateral kills)
  Nessos (Lair:6)
  A hydra (Lair:6)
  A crocodile (Lair:6)
3 creatures vanquished.

Vanquished Creatures (others)
  2 slaves (D:6)
  A killer bee (D:6)
  A hound zombie (D:11)
  An orc (Orc:1)
  8 fungi
  12 plants
  2 withered plants (D:10)
27 creatures vanquished.

Grand Total: 621 creatures vanquished

Notes
Turn   | Place    | Note
-------+----------+-------------------------------------------
     0 | D:1      | vuev the Gargoyle Berserker began the quest for the Orb.
     0 | D:1      | Reached XP level 1. HP: 14/14 MP: 1/1
   242 | D:1      | Reached XP level 2. HP: 14/19 MP: 2/2
   534 | D:1      | Reached skill level 3 in Axes
   740 | D:1      | Reached XP level 3. HP: 24/24 MP: 3/3
   887 | D:2      | Reached ** piety under Trog
  1132 | D:2      | Reached XP level 4. HP: 28/29 MP: 4/4
  1826 | D:3      | Found a shimmering altar of Xom.
  1869 | D:3      | Reached skill level 4 in Axes
  1872 | D:3      | Reached XP level 5. HP: 33/33 MP: 5/5
  2011 | D:3      | Noticed Grinder
  2022 | D:3      | Paralysed by Grinder for 4 turns
  2159 | D:3      | Paralysed by Grinder for 5 turns
  2165 | D:3      | Noticed Natasha
  2173 | D:3      | Killed Natasha
  2182 | D:3      | Paralysed by Grinder for 2 turns
  2359 | D:3      | Paralysed by Grinder for 6 turns
  2388 | D:3      | Killed Grinder
  2388 | D:3      | Reached skill level 5 in Axes
  2388 | D:3      | Reached XP level 6. HP: 25/40 MP: 6/6
  2685 | D:3      | Noticed Natasha
  2700 | D:3      | Killed Natasha
  2700 | D:3      | Reached skill level 5 in Fighting
  2719 | D:3      | Noticed Natasha
  2725 | D:3      | Killed Natasha
  2725 | D:3      | Reached *** piety under Trog
  2725 | D:3      | Reached XP level 7. HP: 34/44 MP: 7/7
  2830 | D:3      | Noticed Jessica
  2840 | D:3      | Killed Jessica
  3196 | D:3      | Reached skill level 6 in Axes
  3284 | D:3      | Found a white marble altar of Elyvilon.
  3391 | D:3      | Found a white marble altar of Elyvilon.
  3550 | D:4      | Found a staircase to the Ecumenical Temple.
  3759 | D:4      | Noticed Sigmund
  3787 | D:4      | Killed Sigmund
  3787 | D:4      | Reached XP level 8. HP: 51/51 MP: 8/8
  3990 | D:4      | Got a spiked ring mail
  4012 | D:4      | Identified the cursed +1 ring mail of Dophion {+Fly rF- Str+6} (You found it on level 4 of the Dungeon)
  4119 | D:4      | Found a hide-covered altar of Uskayaw.
  4286 | D:4      | Found a radiant altar of Vehumet.
  4394 | D:5      | Entered Level 5 of the Dungeon
  4401 | D:5      | HP: 1/51 [worker ant/exploding inner flame[the player character] (48)]
  4769 | D:5      | Reached skill level 7 in Axes
  5084 | D:5      | Reached **** piety under Trog
  5141 | D:5      | Reached skill level 8 in Axes
  5365 | D:5      | Got a jewelled mace
  5366 | D:5      | Identified the +4 mace "Dinlyju" {crush, Int+5} (You found it on level 5 of the Dungeon)
  5435 | D:5      | Found an ornate altar of the Wu Jian Council.
  5642 | D:5      | Reached skill level 5 in Armour
  5754 | D:6      | Reached XP level 9. HP: 53/56 MP: 9/9
  5771 | D:6      | Noticed Pikel
  5782 | D:6      | Killed Pikel
  5782 | D:6      | Reached skill level 9 in Axes
  6301 | D:6      | Found a sparkling altar of Nemelex Xobeh.
  6699 | D:7      | Found an opulent altar of Gozag.
  6712 | D:7      | Received a gift from Trog
  6899 | D:7      | Noticed Menkaure
  6905 | D:7      | Reached skill level 10 in Axes
  6908 | D:7      | Killed Menkaure
  6993 | D:7      | Got a scorched ring mail
  7002 | D:7      | Got a translucent scale mail
  7016 | D:7      | Identified the +1 ring mail of Sunlight {rElec MR+++ Dex-5} (You found it on level 7 of the Dungeon)
  7026 | D:7      | Identified the cursed +0 scale mail of the Yeti {rCorr} (You found it on level 7 of the Dungeon)
  7218 | D:7      | Reached XP level 10. HP: 64/64 MP: 10/10
  7416 | D:7      | Found a runed door.
  7503 | D:7      | Noticed Crazy Yiuf
  7506 | D:7      | Killed Crazy Yiuf
  7619 | D:7      | Received a gift from Trog
  8272 | D:8      | Found a glowing silver altar of Zin.
  8609 | D:8      | Reached skill level 11 in Axes
  8977 | D:9      | Noticed a two-headed ogre
  9128 | D:9      | Noticed Prince Ribbit
  9134 | D:9      | Killed a two-headed ogre
  9134 | D:9      | Reached XP level 11. HP: 71/71 MP: 11/11
  9135 | D:9      | Killed Prince Ribbit
  9151 | D:9      | Reached skill level 12 in Axes
  9238 | D:9      | Got a dazzling scale mail
  9249 | D:9      | Identified the +1 scale mail of Yliujycw {rPois Int+10 Dex+2} (You found it on level 9 of the Dungeon)
  9398 | D:9      | Reached ***** piety under Trog
  9411 | D:9      | Noticed a two-headed ogre
  9420 | D:9      | Killed a two-headed ogre
  9965 | D:10     | Entered Level 10 of the Dungeon
 10059 | D:10     | Found Jym Unuo's Antique Weapon Shop.
 10090 | D:10     | Noticed a two-headed ogre
 10102 | D:10     | Killed a two-headed ogre
 10264 | D:10     | Found Wyme's Gadget Shoppe.
 10284 | D:10     | Found Duopucerr's Antique Armour Shoppe.
 10295 | D:10     | Bought a pair of runed gloves for 195 gold pieces
 10476 | D:10     | Found Bicw's General Store.
 10531 | D:10     | Reached skill level 10 in Fighting
 10569 | D:10     | Bought a potion of haste for 110 gold pieces
 10762 | D:10     | Received a gift from Trog
 10779 | D:10     | Reached skill level 13 in Axes
 11214 | D:10     | Found Ojouhi's Distillery.
 11218 | D:10     | Bought a potion of curing for 42 gold pieces
 11218 | D:10     | Bought a potion of curing for 42 gold pieces
 11459 | D:11     | Reached XP level 12. HP: 62/78 MP: 4/12
 11466 | D:11     | Noticed a centaur warrior
 11472 | D:11     | Killed a centaur warrior
 11752 | D:11     | Found a staircase to the Lair.
 11972 | D:11     | Noticed Harold
 11986 | D:11     | Killed Harold
 12118 | D:11     | Reached skill level 14 in Axes
 12264 | D:11     | Noticed Fannar
 12285 | D:11     | Killed Fannar
 12494 | D:11     | Noticed an eight-headed hydra
 12506 | D:11     | Killed an eight-headed hydra
 13508 | Lair:1   | Entered Level 1 of the Lair of Beasts
 13509 | Lair:1   | Upgraded the game from 0.20-a0-1000-g0e8f6bb to 0.20-a0-1006-ge6c5631
 13870 | Lair:1   | Noticed a seven-headed hydra
 13901 | Lair:1   | Killed a seven-headed hydra
 14232 | Lair:1   | Noticed Grum
 14245 | Lair:1   | Killed Grum
 14337 | Lair:1   | Noticed Nergalle
 14346 | Lair:1   | Killed Nergalle
 14619 | Lair:1   | Reached XP level 13. HP: 70/84 MP: 4/13
 14620 | Lair:1   | Noticed Joseph
 14647 | Lair:1   | Killed Joseph
 14665 | Lair:1   | Reached skill level 15 in Axes
 15264 | Lair:2   | Reached skill level 10 in Armour
 15695 | Lair:2   | Received a gift from Trog
 15728 | Lair:2   | Found a staircase to the Snake Pit.
 15971 | Lair:2   | Found a staircase to the Swamp.
 16597 | Lair:3   | Found a dark tunnel.
 16616 | Volcano  | Entered a volcano
 16700 | Volcano  | Noticed dxctxrx's ghost (novice GrGl)
 16719 | Volcano  | Killed dxctxrx's ghost
 17133 | Volcano  | Found a bloodstained altar of Trog.
 17299 | Volcano  | Noticed a stone giant
 17306 | Volcano  | Killed a stone giant
 18636 | Lair:4   | Noticed Nessos
 18668 | Lair:4   | HP: 2/87 [Nessos/arrow (10)]
 18950 | Lair:4   | Reached skill level 16 in Axes
 19359 | Lair:4   | You fall through a shaft for 2 floors!
 19359 | Lair:6   | Entered Level 6 of the Lair of Beasts
 19491 | Lair:6   | Killed Nessos
 19690 | Lair:5   | Gained mutation: Your large and strong wings let you fly indefinitely. [Gargoyle growth]
 19690 | Lair:5   | Reached XP level 14. HP: 64/92 MP: 4/14
 20088 | Lair:5   | Found a viscous altar of Jiyva.
 20089 | Lair:5   | Found a staircase to the Slime Pits.
 20111 | Lair:4   | Noticed Snorg
 20122 | Lair:4   | Killed Snorg
 21081 | Lair:5   | Received a gift from Trog
 22567 | Lair:6   | Reached skill level 17 in Axes
 24808 | D:12     | Found a staircase to the Orcish Mines.
 24963 | D:12     | Reached XP level 15. HP: 68/100 MP: 5/15
 25127 | D:12     | Noticed Urug
 25151 | D:12     | Killed Urug
 25368 | D:12     | Received a gift from Trog
 25523 | D:12     | Got a steaming ring mail
 25534 | D:12     | Identified the cursed +0 ring mail of Xotappal {Int+4 SInv} (You found it on level 12 of the Dungeon)
 26019 | Orc:1    | Entered Level 1 of the Orcish Mines
 26569 | Orc:1    | Found Yrezudwe's Magic Scroll Emporium.
 26579 | Orc:1    | Bought a scroll of magic mapping for 59 gold pieces
 26579 | Orc:1    | Bought a scroll of enchant armour for 127 gold pieces
 26579 | Orc:1    | Bought a scroll of teleportation for 51 gold pieces
 26794 | Orc:2    | Entered Level 2 of the Orcish Mines
 26981 | Orc:2    | Found Saecekurch's Jewellery Shop.
 27052 | Orc:2    | Found a staircase to the Elven Halls.
 27065 | Orc:2    | Mangled by an ettin

Vault maps used:
D:1:      doesnt_arrival_goblin_jail, serial_forest, infiniplex_forest_corner_1,
          infiniplex_forest_lined_2, infiniplex_forest_lined_room_2,
          infiniplex_forest_corner_2, infiniplex_forest_lined_room_3,
          infiniplex_forest_lined_3_way
D:2:      first_bread, minmay_pentomino_r2
D:3:      lemuel_upstairs_altar, overflow_temple_1_default, marbit_many_paths,
          kennysheep_flooded_box, uniq_grinder, uniq_jessica, uniq_natasha
D:4:      nicolae_overflow_hidden_temple, vehumet_statue,
          minmay_temple_entry_crystal_x, uniq_sigmund, uniq_edmund
D:5:      kennysheep_mini, portal_sewer_entry_e
D:6:      kennysheep_spiral_hall, lemuel_doored_altar, uniq_pikel
D:7:      lemuel_round_altar, uniq_crazy_yiuf_cottage, uniq_menkaure
D:8:      zin_academy
D:9:      uniq_prince_ribbit1
D:10:     cheibrodos_grave_circle, serial_shops, shop, shop,
          nicolae_shop_crystal, nicolae_shop_crystal, nicolae_shop_crystal
D:11:     erik_lair_orcish_takeover, serial_co_window_serial, co_window_paths_a,
          co_window_paths_b, co_window_paths_a, co_window_corner_a,
          co_window_paths_b, co_window_corner_b, co_window_cross_2,
          co_window_corner_cb, co_window_broadway_c, co_window_paths_e,
          co_window_paths_d, glass_columns_c, glass_columns_a, glass_columns_c,
          uniq_fannar, uniq_harold
D:12:     orc_0_dummy, hangedman_pestilent_swarm, uniq_urug
Lair:1:   beast_lair_carwin_large_2, grunt_forest_small_clearings,
          uniq_nergalle, uniq_grum, uniq_joseph
Lair:2:   minmay_swamp_entry_worms, guppyfry_snake_entry_island,
          lemuel_another_geyser
Lair:3:   nicolae_volcano_entry_batcave, serial_bayou_pond_c
Lair:4:   uniq_snorg, uniq_nessos
Lair:5:   slime_altar_1
Lair:6:   evilmike_catoblepas_cave, eino_small_chamber_without_monster,
          disabler_island, minmay_lair_oklob_chamber
Orc:1:    serial_shops, shop_fountains, roderic_batcave
Orc:2:    grunt_orc_gardens, grunt_orc_garden, grunt_orc_garden,
          grunt_orc_garden, grunt_orc_garden
Volcano:  volcano_lake

Skill      XL: |  1  2  3  4  5  6  7  8  9 10 11 12 13 14 15 |
---------------+----------------------------------------------+-----
Axes           | 3 4 5 6 8 10 11 13 14 16 17 | 17.9
Fighting       | 4 5 6 7 9 10 11 12 13 14 | 14.2
Armour         | 3 4 5 6 7 8 9 10 11 | 11.9
Dodging        | |  1.5

Action                   |  1- 3 |  4- 6 |  7- 9 | 10-12 | 13-15 || total
-------------------------+-------+-------+-------+-------+-------++-------
Melee: Hand axe          |   104 |   166 |    46 |       |       ||   316
       War axe           |       |       |   304 |   352 |       ||   656
       Battleaxe         |       |       |       |   243 |   736 ||   979
       Mace              |       |       |       |    18 |    35 ||    53
Throw: Tomahawk          |       |       |       |    10 |       ||    10
Invok: Berserk           |     3 |     4 |     7 |    16 |     7 ||    37
       Burn Spellbooks   |       |       |     1 |       |     1 ||     2
       Trog's Hand       |       |       |       |     2 |     2 ||     4
       Brothers in Arms  |       |       |       |       |     2 ||     2
 Abil: Fly               |       |       |       |       |     1 ||     1
Evoke: Wand              |       |       |       |       |     2 ||     2
  Use: Scroll            |       |       |    12 |     1 |    10 ||    23
       Potion            |       |       |     1 |       |     3 ||     4
  Eat: Chunk             |     3 |     5 |    20 |    28 |    35 ||    91
       Fruit             |       |     1 |       |     4 |     3 ||     8
       Bread ration      |       |     1 |       |       |       ||     1
       Meat ration       |       |       |       |     2 |     2 ||     4
Armor: Animal skin       |    12 |       |       |       |       ||    12
       Plate armour      |    52 |   101 |   129 |       |    65 ||   347
       Ring mail         |       |       |   126 |   110 |       ||   236
       Scale mail        |       |       |       |   323 |   354 ||   677
Dodge: Dodged            |    33 |    41 |   186 |   391 |   304 ||   955
       Deflected         |       |       |       |       |     3 ||     3
Block: Other             |       |       |       |       |   110 ||   110
       Reflection        |       |       |       |       |     6 ||     6
